 Dungeon Crawl Stone Soup version 0.18-a0-1284-g43455fe (webtiles) character file.

59 RedPan the Sneak (level 3, 0/24 HPs)
             Began as a Vampire Enchanter on Feb 8, 2016.
             Slain by a gnoll
             ... wielding a +0 flail
              (5 damage)
             ... on level 2 of the Dungeon.
             The game lasted 00:03:13 (1400 turns).

RedPan the Sneak (Vampire Enchanter)                Turns: 1400, Time: 00:03:13

Health: 0/24       AC:  4    Str:  7    XL:     3   Next: 78%
Magic:  1/6        EV: 12    Int: 18    God:
Gold:   63         SH:  0    Dex: 14    Spells: 2 memorised, 3 levels left

rFire  . . .     SeeInvis +     a - +1 dagger
rCold  . . .     Gourm    .     b - +1 robe
rNeg   + . .     Faith    .     (no shield)
rPois  .         Spirit   .     (no helmet)
rElec  .         Dismiss  .     (no cloak)
rCorr  .         Reflect  .     (no gloves)
SustAt .         Harm     .     f - +0 pair of boots
MR     .....                    (no amulet)
Stlth  ++++......               (no ring)
                                (no ring)

@: very slightly contaminated, not resistant to hostile enchantments, stealthy
A: fangs 3, see invisible, unbreathing
a: Bat Form


You were on level 2 of the Dungeon.
You were not thirsty.

You visited 1 branch of the dungeon, and saw 2 of its levels.

You collected 63 gold pieces.

Inventory:

Hand Weapons
 a - a +1 dagger (weapon)
Armour
 b - a +1 robe (worn)
 f - a +0 pair of boots (worn)
Scrolls
 e - 2 scrolls of identify {unknown}
 j - a scroll of enchant weapon {unknown}
 k - a scroll of noise {unknown}
Potions
 d - a potion of brilliance {unknown}
 g - 8 potions of blood
 h - a potion of mutation {unknown}
 i - a potion of lignification {unknown}
Books
 c - a book of Maledictions

   Spells                             Type                      Level
   a - Corona                         Hexes                        1
   b - Ensorcelled Hibernation        Hexes/Ice                    2
   c - Confuse                        Hexes                        3
   d - Tukima's Dance                 Hexes                        3
   e - Dazzling Spray                 Conjuration/Hexes            3


   Skills:
 - Level 1.1 Short Blades
 - Level 2.1 Dodging
 + Level 6.2 Stealth
 - Level 2.0 Spellcasting
 + Level 5.6 Hexes


You had 3 spell levels left.
You knew the following spells:

 Your Spells              Type           Power        Failure   Level  Hunger
a - Corona                Hex            ###....      1%          1    #......
b - Ensorcelled Hibernat  Hex/Ice        ##....       12%         2    ###....


Dungeon Overview and Level Annotations

Branches:
Dungeon (2/15)

Altars:


Innate Abilities, Weirdness & Mutations

You have razor-sharp teeth.
You have supernaturally acute eyesight.
You can survive without breathing.


Message History

You barely miss the gnoll. The gnoll hits you with a flail.
You hit the gnoll.
The gnoll is lightly wounded.
The gnoll hits you with a flail!
* * * LOW HITPOINT WARNING * * *
You hit the gnoll but do no damage.
The gnoll is lightly wounded.
The gnoll closely misses you.
You barely miss the gnoll. You bite the gnoll.
The gnoll is heavily wounded.
The gnoll barely misses you.
You hit the gnoll but do no damage.
The gnoll is heavily wounded.
You hit the gnoll.
The gnoll is heavily wounded.
The gnoll barely misses you.
You hit the gnoll.
The gnoll is heavily wounded.
The gnoll hits you with a flail.
You die...

#. ###.....#####.# ##.##
#.##.....#.......# #...#
#.##.#.....####### #...#
#.##.##..### #...#
##........#
####...#####.......#.#
##.............##.#.#.#
...#.#.#.#.#.#.##.#.#.# .
........(......g@.#.#...(
.)..#.#.#.#.#..##....##
###............####..#
###(..######.......#
#...# #######.# #...# .#
#...# # ##.## #.#


You could see a gnoll.

Vanquished Creatures
  2 gnolls (D:2)
  An adder (D:2)
  An ooze (D:1)
  A bat (D:1)
  2 giant cockroaches (D:1)
  4 goblins
  A hobgoblin (D:1)
  8 jackals
  5 kobolds
25 creatures vanquished.

Notes
Turn   | Place    | Note
--------------------------------------------------------------
     0 | D:1      | RedPan the Vampire Enchanter began the quest for the Orb.
     0 | D:1      | Reached XP level 1. HP: 13/13 MP: 3/3
    82 | D:1      | Reached XP level 2. HP: 10/19 MP: 5/5
    99 | D:1      | Reached skill level 5 in Stealth
   212 | D:1      | Learned a level 2 spell: Ensorcelled Hibernation
   513 | D:1      | Reached skill level 5 in Hexes
  1302 | D:2      | Reached XP level 3. HP: 24/24 MP: 6/6
  1367 | D:2      | Reached skill level 6 in Stealth
  1400 | D:2      | Slain by a gnoll

Vault maps used:
D:1:      dpeg_arrival_round_a
D:2:      lemuel_doored_altar, minmay_misc_feat_pillars, uniq_sigmund,
          uniq_terence

Action                   || total
-------------------------++-------
Melee: Dagger            ||   136
 Cast: Ensorcelled Hiber ||     3
  Use: Potion            ||     3
 Stab: Sleeping          ||    10
